Cogmind - Beta 9.6 @@@ ROGUE MODE // 2020.04.29 @ 01:51:02 Player: Baran Korkmaz Result: Destroyed by S-10 Pest with Light Assault Rifle Performance ------------- Evolutions (2) 1000 Regions Visited (4) 800 Robots Destroyed (21) 105 Value Destroyed (430) 430 Prototype IDs (4) 80 Alien Tech Used (0) 0 Bonus (0) 0 TOTAL SCORE: 2415 Bonus ------- None Cogmind --------- Core Integrity 0/550 Matter 300/300 Energy 158/160 System Corruption 9% Temperature Cool (2) Movement Flying (102) Ox1 Location -8/Materials Parts ------- > --- POWER (2) -------- Light Nuclear Core > --- PROPULSION (4) --- Improved Flight Unit Improved Flight Unit > --- UTILITY (3) ------ Large Storage Unit > --- WEAPON (2) ------- (None) > --- INVENTORY (10) --- Sensor Array Improved Shield Generator Peak State ------------ > --- POWER ------------ Ion Engine Improved Ion Engine > --- PROPULSION ------- Gravmag System Gravmag System Gravmag System Gravmag System > --- UTILITY ---------- Large Storage Unit Improved Targeting Computer Improved Shield Generator > --- WEAPON ----------- Beam Rifle > --- INVENTORY -------- Improved Flight Unit Improved Flight Unit Improved Flight Unit Sensor Array Experimental Sensor Array Improved Shield Generator Light Assault Rifle Improved Datajack [Rating: 30] Favorites ----------- Power Light Ion Engine Engine Light Ion Engine Power Core Light Nuclear Core Propulsion Improved Flight Unit Leg Aluminum Leg Hover Unit Gravmag System Flight Unit Improved Flight Unit Utility Improved Targeting Computer Device Sensor Array Storage Large Storage Unit Processor Improved Targeting Computer Weapon Medium Laser Energy Gun Medium Laser Energy Cannon Beam Cannon Ballistic Gun Light Assault Rifle Special Melee Weapon Datajack Build | -11 -10 -9 -9 -8 ------- Run | Scr Mat Mat Min Mat Slots Evolved 4 | . . 2 . 2 Power 1 | . . . . 1 Propulsion 2 | . . 1 . 1 Utility 1 | . . 1 . . Weapon . | . . . . . Parts Attached 37 | 5 5 3 6 18 Power 8 | 1 1 . 2 4 Engine 7 | 1 1 . 2 3 Core 1 | . . . . 1 Reactor . | . . . . . Propulsion 13 | 2 2 1 . 8 Treads . | . . . . . Leg 2 | 2 . . . . Wheel . | . . . . . Hover 4 | . . . . 4 Flight 7 | . 2 1 . 4 Utility 6 | . 2 1 1 2 Device 3 | . . 1 . 2 Storage 2 | . 1 . 1 . Processor 1 | . 1 . . . Hackware . | . . . . . Protection . | . . . . . Artifact . | . . . . . Weapon 10 | 2 . 1 3 4 Energy Gun 4 | 2 . 1 . 1 Energy Cannon 2 | . . . 2 . Ballistic Gun 2 | . . . . 2 Ballistic Cannon . | . . . . . Launcher . | . . . . . Special Weapon . | . . . . . Impact Weapon . | . . . . . Slashing Weapon . | . . . . . Piercing Weapon . | . . . . . Special Melee Weapon 2 | . . . 1 1 Unidentified Prototypes 2 | . 1 . . 1 Parts Lost 19 | . . 3 . 16 Power 5 | . . 1 . 4 Propulsion 4 | . . . . 4 Utility 3 | . . . . 3 Weapon 7 | . . 2 . 5 Highest Loss Streak 15 | . . 2 . 15 Average Slot Usage (%) 83 | . 80 78 90 75 Engine 8 | . 14 4 6 10 Leg 5 | . 23 . . . Hover 5 | . . . . 21 Flight 19 | . 4 31 33 7 Device 7 | . . 11 11 7 Storage 8 | . 7 5 10 9 Processor 7 | . 2 11 11 6 Energy Gun 13 | . 28 15 11 5 Energy Cannon 2 | . . . 5 . Ballistic Gun 1 | . . . . 4 Special Melee Weapon 1 | . . . 2 . Naked Turns . | . . . . . Heaviest Build 35 | 7 11 12 27 35 Greatest Support 44 | 20 20 18 18 44 Greatest Overweight (x) 6 | . . . 1 6 Average Overweight (x) . | . . . . . Largest Inventory Capacity 10 | 4 6 6 10 10 Average Capacity 8 | 4 5 5 9 10 Most Carried 10 | 4 6 5 6 10 Average Carried 4 | 1 2 4 4 7 Final Capacity 10 | 4 6 4 10 10 Final Carried 6 | 1 6 4 6 2 Class Distribution -------------------- 85% | Mutant 7% | Sprinter 6% | Scavenger-Mutant Dominant Class ---------------- Mutant | -10/Materials Mutant | -9/Materials Mutant | -9/Mines Mutant | -8/Materials Resources | -11 -10 -9 -9 -8 ----------- Run | Scr Mat Mat Min Mat Matter Collected 512 | 205 95 . 65 147 Remotely . | . . . . . Salvage Created 678 | . 269 74 133 202 Parts 43 | . 14 4 9 16 Haulers Intercepted . | . . . . . Recyclers Shooed . | . . . . . Parts Field Recycled . | . . . . . Retrieved Matter . | . . . . . Parts Self-Destructed . | . . . . . Prevented . | . . . . . Kills | -11 -10 -9 -9 -8 ------- Run | Scr Mat Mat Min Mat Combat Hostiles Destroyed 15 | . 6 1 2 6 Guns 13 | . 5 1 1 6 Cannons 1 | . . . 1 . AOE 1 | . 1 . . . Classes Destroyed 9 | . 3 2 3 1 Builder 1 | . . . 1 . Tunneler 1 | . . . 1 . Recycler 2 | . 2 . . . Operator 1 | . . 1 . . Watcher 1 | . 1 . . . Swarmer 9 | . 6 . . 3 Grunt 3 | . . . 2 1 Brawler 1 | . . . . 1 Sentry 2 | . . 1 . 1 Best Kill Streak 7 | . 7 1 2 4 Combat Bots Only 6 | . 6 1 2 4 Max Kills in Single Turn 2 | . 2 1 1 1 Gunslinging 1 | . 1 . . . Exploded 1 | . 1 . . . Melee . | . . . . . Uniques/NPCs Destroyed . | . . . . . Combat | -11 -10 -9 -9 -8 -------- Run | Scr Mat Mat Min Mat Damage Taken 1835 | . 176 79 87 1493 Core 600 | . 20 14 14 552 Absorbed by Shields 97 | . . . . 97 Core Remaining (%) 95 | 100 92 . 93 . Volleys Fired 49 | . 12 5 9 23 Largest 2 | . 2 2 2 2 Hottest 110 | . 90 90 110 70 Shots Fired 81 | . 24 7 17 33 Gun 73 | . 24 7 9 33 Cannon 8 | . . . 8 . Launcher . | . . . . . Special . | . . . . . Kinetic 18 | . . . . 18 Thermal 49 | . 12 5 17 15 Explosive . | . . . . . Electromagnetic 14 | . 12 2 . . Robot Hit Streak 10 | . 6 6 7 10 Robot Miss Streak 2 | . 2 1 1 2 Penetration Max . | . . . . . Secondary Targets 2 | . 2 . . . Max Gunslinging Chain 1 | . 1 . . . Shots Hit Robots 54 | . 12 6 13 23 Core Hits 31 | . 9 4 7 11 Critical Hits . | . . . . . Critical Kills . | . . . . . Critical Parts Destroyed . | . . . . . Melee Attacks 5 | . . . 3 2 Impact . | . . . . . Slashing . | . . . . . Piercing . | . . . . . Sneak Attacks 3 | . . . 3 . Combat Hostiles . | . . . . . Follow-up Attacks . | . . . . . Damage Inflicted 776 | . 295 96 139 246 Guns 565 | . 166 66 87 246 Cannons 52 | . . . 52 . Explosions 159 | . 129 30 . . Melee . | . . . . . Ramming . | . . . . . Kinetic 98 | . . . . 98 Thermal 533 | . 166 80 139 148 Explosive . | . . . . . Electromagnetic 145 | . 129 16 . . Impact . | . . . . . Slashing . | . . . . . Piercing . | . . . . . Highest Corruption 9 | . . . . 9 Average Corruption 7 | . . . . 7 Corruption Purged . | . . . . . Effects 3 | . . . . 3 Matter Fused 1 | . . . . 1 Energy Discharges 1 | . . . . 1 Parts Rejected 1 | . . . . 1 Overload Shots . | . . . . . Overflow Damage 9 | . 9 . . . Projectiles . | . . . . . Explosions 9 | . 9 . . . Melee . | . . . . . Knockbacks . | . . . . . Impact . | . . . . . Kinetic . | . . . . . Secondary . | . . . . . Self-Inflicted Damage 39 | . 39 . . . Shots 1 | . 1 . . . Rammed . | . . . . . Targets Rammed . | . . . . . Kicked . | . . . . . Crushed . | . . . . . Highest Temperature 288 | . 214 69 288 143 Average Temperature 73 | . 89 29 108 45 Received Heat Transfer 423 | . . 27 54 342 Siege Activations . | . . . . . Robots Corrupted . | . . . . . Combat Hostiles . | . . . . . Parts Fried . | . . . . . Impact Corruptions . | . . . . . Robots Melted . | . . . . . Combat Hostiles . | . . . . . Parts Melted 1 | . . . 1 . Heat Transferred 1136 | . 161 198 370 407 Parts Sabotaged . | . . . . . Parts Stolen . | . . . . . Parts Stripped . | . . . . . Power Chain Reactions 3 | . 2 1 . . Missiles Intercepted . | . . . . . Alert | -11 -10 -9 -9 -8 ------- Run | Scr Mat Mat Min Mat Peak Influence 172 | . 172 137 128 165 Average Influence 86 | . 110 104 79 85 Maximum Alert Level . | . . . . . Low Security (%) 100 | 100 100 100 100 100 Level 1 . | . . . . . Level 2 . | . . . . . Level 3 . | . . . . . Level 4 . | . . . . . Level 5 . | . . . . . High Security . | . . . . . Max Security . | . . . . . Squads Dispatched 2 | . . 1 . 1 Investigation 1 | . . . . 1 Extermination . | . . . . . Reinforcement 1 | . . 1 . . Assault . | . . . . . Garrison . | . . . . . Intercept . | . . . . . Construction Impeded . | . . . . . Haulers Reinforced . | . . . . . Stealth | -11 -10 -9 -9 -8 --------- Run | Scr Mat Mat Min Mat Distress Signals . | . . . . . Communications Jammed . | . . . . . Distress Signals . | . . . . . Times Spotted 31 | . 7 4 2 18 Peak Tracking Total 9 | . 6 3 2 9 Tactical Retreats 2 | . . . . 2 Traps | -11 -10 -9 -9 -8 ------- Run | Scr Mat Mat Min Mat Traps Triggered . | . . . . . Indirectly . | . . . . . Trap Hack Attempts . | . . . . . Triggered . | . . . . . Disarmed . | . . . . . Reprogrammed . | . . . . . Reused . | . . . . . Traps Extracted . | . . . . . Installed . | . . . . . Triggered 1 | . . . 1 . Machines | -11 -10 -9 -9 -8 ---------- Run | Scr Mat Mat Min Mat Machines Disabled 3 | . 1 1 1 . Max in Single Turn 1 | . 1 1 1 . Machines Sabotaged . | . . . . . Garrisons Compromised . | . . . . . Overloaded Fab Kills . | . . . . . Fab Network Shutdowns . | . . . . . Hacking | -11 -10 -9 -9 -8 --------- Run | Scr Mat Mat Min Mat Machines Accessed 2 | . . . . 2 Terminals 2 | . . . . 2 Fabricators . | . . . . . Repair Stations . | . . . . . Recycling Units . | . . . . . Scanalyzers . | . . . . . Garrison Access . | . . . . . Total Hacks 7 | . . . . 7 Successful 5 | . . . . 5 Failed 2 | . . . . 2 Catastrophic . | . . . . . Database Lockouts . | . . . . . Manual . | . . . . . Terminals 7 | . . . . 7 Fabricators . | . . . . . Repair Stations . | . . . . . Recycling Units . | . . . . . Scanalyzers . | . . . . . Garrison Access . | . . . . . Terminal Hacks 5 | . . . . 5 Record 2 | . . . . 2 Prototype ID Bank 1 | . . . . 1 Alert Level 1 | . . . . 1 Zone Layout 1 | . . . . 1 Fabricator Hacks . | . . . . . Repair Station Hacks . | . . . . . Recycling Unit Hacks . | . . . . . Scanalyzer . | . . . . . Garrison Access Hacks . | . . . . . Unauthorized Hacks . | . . . . . Terminals . | . . . . . Fabricators . | . . . . . Repair Stations . | . . . . . Recycling Units . | . . . . . Scanalyzers . | . . . . . Garrison Access . | . . . . . Data Cores Recovered . | . . . . . Used . | . . . . . Hacking Detections 2 | . . . . 2 Full Trace Events 1 | . . . . 1 Feedback Events . | . . . . . Feedback Blocked . | . . . . . Robot Schematics Acquired . | . . . . . Robots Built . | . . . . . Matter . | . . . . . Time . | . . . . . Total Robot Build Rating . | . . . . . Part Schematics Acquired . | . . . . . Parts Built . | . . . . . Matter . | . . . . . Time . | . . . . . Total Part Build Rating . | . . . . . Parts Repaired . | . . . . . Time . | . . . . . Parts Recycled . | . . . . . Recycled Matter . | . . . . . Retrieved Matter . | . . . . . Retrieved Components . | . . . . . Parts Scanalyzed . | . . . . . Part Schematics Acquired . | . . . . . Parts Damaged . | . . . . . Bothacking | -11 -10 -9 -9 -8 ------------ Run | Scr Mat Mat Min Mat Used RIF Installer . | . . . . . Robots Hacked 1 | . . . 1 . Non-combat 1 | . . . 1 . Combat . | . . . . . Robot Hacks Applied 2 | . . . 2 . parse_system 1 | . . . 1 . no_distress 1 | . . . 1 . Relay Couplers Released . | . . . . . Robots Rewired . | . . . . . Allies Hacked . | . . . . . Hacks Repelled . | . . . . . Allies | -11 -10 -9 -9 -8 -------- Run | Scr Mat Mat Min Mat Total Allies . | . . . . . Largest Group . | . . . . . Highest-Rated Group . | . . . . . Highest-Rated Ally . | . . . . . Total Orders . | . . . . . Ally Attacks . | . . . . . Total Damage . | . . . . . Kills . | . . . . . Allies Corrupted . | . . . . . Allies Melted . | . . . . . Intel | -11 -10 -9 -9 -8 ------- Run | Scr Mat Mat Min Mat Robot Analysis Total . | . . . . . Derelict Logs Recovered 3 | . . . 3 . Drone Launches . | . . . . . Drone Recoveries . | . . . . . Exploration | -11 -10 -9 -9 -8 ------------- Run | Scr Mat Mat Min Mat Turns Passed 871 | 38 200 76 344 213 Spaces Moved 826 | 27 172 136 329 162 Core 11 | 7 . . . 4 Treads . | . . . . . Legs 122 | 20 102 . . . Wheels . | . . . . . Hover 112 | . . . . 112 Flight 581 | . 70 136 329 46 Fastest Speed 26 | 50 32 29 29 26 Average Speed 74 | 101 84 31 89 65 Slowest Speed 350 | 120 120 35 102 350 Overloaded Moves . | . . . . . Propulsion Burnouts . | . . . . . Robots Hopped 1 | . . 1 . . Cave-ins Triggered . | . . . . . Exploration Rate (%) 30 | 3 27 21 84 16 Regions Visited 4 Branch Regions 1 Pre-discovered Areas 2 | . . . 2 . Known Exits Taken . | . . . . . Unknown Exits Taken 4 | 1 1 1 1 . Scrap Searched 2 | . . . 2 . Spaces Dug . | . . . . . Terrain Destroyed 15 | . 8 7 . . Melee . | . . . . . Projectile . | . . . . . AOE 15 | . 8 7 . . Actions | -11 -10 -9 -9 -8 --------- Run | Scr Mat Mat Min Mat Total 996 | 37 203 161 358 237 Wait 35 | . . 15 2 18 Move 820 | 26 171 133 328 162 Hop 1 | . . 1 . . Pick Up 37 | 6 11 2 7 11 Fast Attach . | . . . . . Attach 27 | 5 2 3 4 13 Detach 1 | . . . 1 . Swap 10 | . 3 . 2 5 Drop 11 | . 4 2 2 3 Fire 49 | . 12 5 9 23 Melee 5 | . . . 3 2 Ram . | . . . . . Kick . | . . . . . Crush . | . . . . . Escape Stasis . | . . . . . Rewire . | . . . . . Trap . | . . . . . Miscellaneous . | . . . . . Route ------- -11/Scrapyard -10/Materials -9/Materials -9/Mines -8/Materials History --------- Turn | Location | Event 9 | -11/Scrapyard | Discovered new exit (range 15) 39 | -11/Scrapyard | Entered Materials 148 | -10/Materials | Discovered new exit (range 5) 239 | -10/Materials | Entered another Materials area 239 | -9/Materials | Evolved 2 slots: Propulsion x1, Utility x1 313 | -9/Materials | Discovered new exit (range 8) 315 | -9/Materials | Entered Mines 350 | -9/Mines | Learned location of Storage (-7) 417 | -9/Mines | Learned 4 Materials zone layouts 522 | -9/Mines | Learned Materials stockpile data 525 | -9/Mines | Found a damaged Exp. Sensor Array with a note attached 527 | -9/Mines | Found Prototype Device 536 | -9/Mines | Discovered new exit (range 12) 585 | -9/Mines | Build established: Mutant 659 | -9/Mines | Entered Materials 659 | -8/Materials | Evolved 2 slots: Power x1, Propulsion x1 826 | -8/Materials | Core integrity fell below 50% 835 | -8/Materials | Core integrity fell below 20% 839 | -8/Materials | Identified Exp. Sensor Array 859 | -8/Materials | Lost 15 parts (4p4n2u5w) 872 | -8/Materials | Destroyed by S-10 Pest with Light Assault Rifle Last Messages --------------- System corrupted by crushing effect (+3). B-36 Bruiser destroyed. Lgt. Assault Rifle destroyed. Jacked S-10 Pest... Imp. Ion Engine destroyed. Imp. Datajack destroyed. Acquired Lgt. Ion Engine. Acquired 18 matter. Lgt. Ion Engine destroyed. Acquired 15 matter. S-10 Pest destroyed. Acquired Lgt. Nuclear Core. System corrupted: Matter fused (-9). Identified Exp. Sensor Array. K-01 Serf collects debris. Acquired 44 matter. K-01 Serf collects debris. System corrupted: Imp. Flight Unit rejected. K-01 Serf collects debris. Exp. Sensor Array destroyed. Map ----- +----------------------------------------------------+ | ##??????????????????????????????????????????## | | #########??????????????????????????????????? | | ????????????????????? | | ????????????????????? | | ##+######?????????????????????############+#### | | ## # ???????????????????????# # | | ## # ???????????????????????# # | | ## """ # ???????????????????????# # | | ?????????????????????????????????### # | | ????????????????????????????????? ? # | | ????????????????????????? ?????### # | | ????????????????????????? #????################# | | ????????????????????????? #???? #???# | | ????????????????????????? #???? """ #???# | | ????????????????????????? #???? """ #???# | | ????????????????????????? u#???? """ #???# #### | | ????????????????????????? +???? #???# #### | | ????????????????????????# #????"" #???# !#%T= | | ??!?????????????????????# #????"" #???# %=/%=% | | ????????????????????????# #???? #???# #%== | | ????????????????????????# #????######???# #* " | | ????????????????????????# #?????????????# # "" | | ????????????????????????# #?????????????# # "" | | ????????????????????????# #?????????????# #### | | ????????????????????????# #?????????????# #??? | | ????????????????????????#@ #?????????????# #??? | | ????????????????????????# ############### #??? | | ????????????????????????# ! " #??? | | ????????????????????????# "%" #??? | | ????????????????????????# """ """ """ #??? | | ????????????????????????#ss""" g""" """ #??? | | ????????????????????????# """ """ """ #### | | ????????????????????????# | | ???????????????????###### | | ???????????? ^ = | | ???????????? ^ ############ ####### | | ???????????? #??????????# #?????? | | ????????????#################??????????# #?????? | | ???????????????????????????????????????# #?????? | | ???????????????????????????????????????# #?????? | | ???????????????????????????????????????# #?????? | | ??????????????????????????????????????? #?????? | | ????????????????????????????????????????#+#??????? | | ?????????????????????????????????????????????????? | | ?????????????????????????????????????????????????? | | ?????????????????????????????????????????????????? | | ?????????????????????????????????????????????????? | | ?????????????????????????????????????????????????? | | ?????????????????????????????????????????????????? | | ?????????????????????????????????????????????????? | +----------------------------------------------------+ Best States ------------- Heat Dissipation 31 Energy Generation 17 Energy Capacity 415 Matter Stores 300 Matter Capacity 300 Sight Range 16 Robot Scan Range 30 Terrain Scan Density 10 Evasion (%) 64 Targeting Accuracy 6 Item Schematics ----------------- None Robot Schematics ------------------ None Fabricated ------------ Nothing Alien Tech Used ----------------- None Achievements -------------- None Challenges ------------ None Game ------ Seed MolecularGaussBroadsword Manual? 0 Play Time 00:34:13 Cumulative 5.5 hours Start 2020.04.29 @ 01:13:02 End 2020.04.29 @ 01:51:02 Sessions 1 Manual Loads 0 Difficulty Rogue Special Mode None Game No. 6 Rogue 6 Adventurer 0 Explorer 0 Win Type - Total 0 Types 0/0/0/0/0/0/0 Lore% 2 Gallery% 10 Achievement% 7 Wizard Run 0 Options --------- ASCII 1 Keyboard 0 Movement Mouse Keybinds 0 Fullscreen 1 Font 14/Smallcaps Map View 72x54 Tactical HUD 0 Map Filters NONE Filters NONE Steam 1 RUN: f2bfaad4-89a3-4434-90ca-b22908163faa